 Dungeon Crawl Stone Soup version 0.28-a0-938-gbc3f381ebc (webtiles) character file.

Game seed: 6530394906925871447

1010 blank1 the Ducker (level 8, 0/59 HPs)
             Began as a Djinni Summoner on Nov 29, 2021.
             Was an Initiate of Makhleb.
             Slain by a killer bee (6 damage)
             ... on level 6 of the Dungeon.
             The game lasted 00:26:55 (6553 turns).

blank1 the Ducker (Djinni Summoner)                 Turns: 6553, Time: 00:26:55

Health: 0/59       AC:  3    Str:  7    XL:     8   Next: 44%
Gold:   288        EV: 14    Int: 18    God:    Makhleb [......] SH:  0 Dex: 15

rFire   + + .      SeeInvis .   c - staff of conjuration
rCold   x . .      Faith    .   (no shield)
rNeg    . . .      Spirit   .   a - +1 robe
rPois   ∞          Reflect  .   (no helmet)
rElec   .          Harm     .   (no cloak)
rCorr   .          Rampage  .   (no gloves)
Will    .....                   (boots unavailable)
Stlth   +.........              (no amulet)
HPRegen 0.19/turn               (no ring)
MPRegen 0.00/turn               (no ring)

@: confused, ambrosia-drunk, flying
A: sickness immunity, fire resistance 2, cold vulnerability 1, float, innate
caster, hp casting, extra vitality 1
a: Renounce Religion


You were on level 6 of the Dungeon.
You worshipped Makhleb.
Makhleb was noncommittal.
You visited 1 branch of the dungeon, and saw 6 of its levels.

You collected 334 gold pieces.
You spent 46 gold pieces at shops.

Inventory:

Hand Weapons
 g - a +2 vampiric spear
Armour
 a - a +1 robe (worn)
Magical Staves
 c - a staff of conjuration (weapon)
Jewellery
 d - a ring of fire
Scrolls
 i - a scroll of enchant weapon
 j - a scroll of teleportation
 k - a scroll of summoning
Potions
 b - a potion of ambrosia
 e - a potion of curing {unknown}
 f - 2 potions of might
 h - 3 potions of haste


   Skills:
 + Level 5.0 Fighting
 - Level 2.0 Armour
 - Level 5.0 Dodging
 - Level 1.5 Stealth
 + Level 5.0 Spellcasting
 - Level 3.0 Invocations


You couldn't memorise any spells.
You knew the following spells:

 Your Spells              Type           Power      Damage    Failure   Level
a - Summon Small Mammal   Summ           88%        N/A       1%          1
b - Call Imp              Summ           22%        N/A       2%          2
c - Call Canine Familiar  Summ           22%        N/A       4%          3
d - Summon Guardian Gole  Hex/Summ       22%        N/A       4%          3
e - Summon Lightning Spi  Summ/Air       22%        N/A       17%         4
f - Sting                 Tmut/Pois      88%        1d7       1%          1
g - Static Discharge      Conj/Air       34%        N/A       2%          2
h - Blink                 Tloc           44%        N/A       2%          2
Your spell library was empty.

Dungeon Overview and Level Annotations

Branches:
Dungeon (6/15)             Temple (0/1) D:5

Altars:
Dithmenos
Kikubaaqudgha
Makhleb
Sif Muna
Uskayaw
Vehumet
Beogh

Shops:
D:3 *


Innate Abilities, Weirdness & Mutations

You are immune to sickness and miasma.
You are immune to poison.
Your flesh is very heat resistant. (rF++)
You are vulnerable to cold. (rC-)
You float through the air rather than walking.
You learn spells naturally, not from books.
Your magical power is your life essence.
You have superior vitality. (+4 HP)


Message History

You feel invigorated. The killer bee stings your hound!
Your hound is poisoned.
The killer bee poisons your hound! Flame seeps out of your guardian golem.
The killer bee stings you.
* * * LOW HITPOINT WARNING * * *
The killer bee barely misses you. The killer bee stings your hound.
Flame seeps out of your guardian golem.
Your crimson imp blinks!
Your hound bites the killer bee but does no damage.
The killer bee stings you!
* * * LOW HITPOINT WARNING * * *
Your guardian golem is engulfed in blazing flames.
Flame seeps out of your guardian golem. The killer bee barely misses you.
Unknown command.
Unknown command.
Unknown command.
The killer bee stings your hound!
Your hound looks even sicker.
The killer bee poisons your hound!
Your guardian golem disappears in a puff of smoke!
Your guardian golem explodes!
The fiery explosion engulfs the killer bee!!
The killer bee dies!
Makhleb accepts your kill.
The fiery explosion engulfs your hound!!
Your hound dies!
Your hound's corpse disappears in a puff of smoke!
The fiery explosion engulfs the killer bee!!
The killer bee dies!
Makhleb accepts your kill. The killer bee stings you.
* * * LOW HITPOINT WARNING * * *
The killer bee stings you.
* * * LOW HITPOINT WARNING * * *
Training target 5.0 for Spellcasting reached!
Your Spellcasting skill increases to level 5!
You need to enable at least one skill for training.
Unknown command.
The killer bee barely misses you. The killer bee stings you.
You die...

##### . ##...###
.. #......# ...
#.@y...# ....
#.§§§..# .....
#.§§§..#......
#.°§§†.5......
#...†..#......
##...### ...?.
#####...#########
................
................


You could see a killer bee (ally target) and a friendly crimson imp (summoned).

Vanquished Creatures
  An ogre (D:5)
  A scorpion (D:6)
  2 killer bees (D:6)
  A jelly (D:5)
  3 adders
  A worm (D:2)
  2 orcs
  6 ball pythons
  3 endoplasms
  A giant cockroach (D:2)
  4 goblins
  A hobgoblin (D:3)
  A quokka (D:3)
  3 bats
  2 rats
32 creatures vanquished.

Vanquished Creatures (collateral kills)
  2 water moccasins
  A bullfrog (D:4)
  A killer bee (D:6)
  A bullfrog zombie (D:6)
  2 orc priests (D:3)
  2 jellies
  3 gnolls (D:5)
  6 adders
  An adder zombie (D:5)
  5 orcs
  5 ball pythons
  2 endoplasms
  4 giant cockroaches
  A goblin (D:3)
  3 hobgoblins
  4 quokkas
  4 bats
  A frilled lizard (D:2)
  A kobold (D:2)
  A rat (D:3)
50 creatures vanquished.

Vanquished Creatures (others)
  2 killer bees (D:6)
2 creatures vanquished.

Grand Total: 84 creatures vanquished

Notes
Turn   | Place    | Note
-------+----------+-------------------------------------------
     0 | D:1      | blank1 the Djinni Summoner began the quest for the Orb.
     0 | D:1      | Reached XP level 1. HP: 15/15 MP: 0/0
   105 | D:1      | Reached XP level 2. HP: 13/22 MP: 0/0
   519 | D:1      | Reached skill level 1 in Fighting
   732 | D:1      | Found a faded altar of an unknown god.
   989 | D:1      | Reached XP level 3. HP: 23/27 MP: 0/0
   989 | D:1      | Learned a level 1 spell: Sting
  1804 | D:2      | Reached XP level 4. HP: 18/33 MP: 0/0
  2547 | D:3      | Reached XP level 5. HP: 27/38 MP: 0/0
  2547 | D:3      | Learned a level 2 spell: Static Discharge
  2836 | D:3      | Found a shadowy altar of Dithmenos.
  2942 | D:3      | Found Sifoq's Assorted Antiques.
  2948 | D:3      | Bought a scroll labelled SALUPPOUFA for 23 gold pieces
  2948 | D:3      | Bought a scroll labelled NAD VUGICH for 23 gold pieces
  3898 | D:4      | Noticed a water moccasin
  3911 | D:4      | Killed a water moccasin
  3912 | D:4      | Reached skill level 5 in Dodging
  3912 | D:4      | Reached XP level 6. HP: 21/46 MP: 0/0
  4266 | D:4      | Reached skill level 1 in Armour
  4266 | D:4      | Reached XP level 7. HP: 43/50 MP: 0/0
  4266 | D:4      | Learned a level 2 spell: Blink
  4689 | D:4      | Found a burning altar of Makhleb.
  4695 | D:4      | Became a worshipper of Makhleb the Destroyer
  4717 | D:5      | Entered Level 5 of the Dungeon
  4728 | D:5      | Found a staircase to the Ecumenical Temple.
  4846 | D:5      | Noticed a water moccasin
  4860 | D:5      | Killed a water moccasin
  4861 | D:5      | Reached skill level 1 in Invocations
  4988 | D:5      | Found a hide-covered altar of Uskayaw.
  6248 | D:6      | Reached XP level 8. HP: 46/58 MP: 0/0
  6545 | D:6      | Reached skill level 5 in Fighting
  6552 | D:6      | HP: 2/59 [killer bee (6)]
  6553 | D:6      | Reached skill level 5 in Spellcasting
  6553 | D:6      | Slain by a killer bee

Illustrated notes

Levels and vault maps discovered:
D:1:      dpeg_arrival_fog, layout_rooms, hellmonk_ecumenical_altar_blasted
D:2:      layout_rooms
D:3:      minmay_spotlight, layout_basic, nicolae_sif_muna_condensation,
          nicolae_dithmenos_shadow_blocks, serial_curves, eino_curves_03,
          eino_curves_02, serial_shops, nicolae_shop_trees,
          kennysheep_orc_chapel
D:4:      layout_cave_pools, old_standard_altar, lemuel_tele_altar
D:5:      layout_loops_corners, pf_just_have_faith, temple_green
D:6:      layout_gridville, kennysheep_little_box

Skill      XL: |  1  2  3  4  5  6  7  8 |
---------------+-------------------------+-----
Fighting       | 1 2 3 4 5 |  5.0
Dodging        | 3 5 |  5.0
Spellcasting   | 4 5 |  5.0
Armour         | 1 2 |  2.0
Invocations    | 3 |  3.0
Stealth        | |  1.5

Action                   |  1- 3 |  4- 6 |  7- 9 || total
-------------------------+-------+-------+-------++-------
Melee: Unarmed           |    16 |       |       ||    16
       Staff             |    46 |    16 |     9 ||    71
 Cast: Summon Small Mamm |    23 |     5 |     8 ||    36
       Sting             |    10 |    31 |    16 ||    57
       Call Imp          |     7 |    12 |     9 ||    28
       Call Canine Famil |       |    14 |    13 ||    27
       Summon Guardian G |       |     6 |    10 ||    16
       Summon Lightning  |       |       |     2 ||     2
  Use: Scroll            |       |     7 |     4 ||    11
       Potion            |       |     1 |     1 ||     2
 Stab: Sleeping          |     3 |       |       ||     3
       Distracted        |     1 |       |       ||     1
Armor: Robe              |    30 |     3 |     2 ||    35
Dodge: Dodged            |    72 |    33 |    37 ||   142

Table legend: (Time is in decaauts)
 A = Elapsed time spent in this place.
 B = Non-inter-level travel time spent in this place.
 C = Inter-level travel time spent in this place.
 D = Time resting spent in this place.
 E = Time spent auto-exploring this place.
 F = Levels seen in this place.
 G = Mean time per level.
                   A        B        C        D        E       F      G
               +--------+--------+--------+--------+--------+-----+--------+
         Total |   6570 |   6427 |    143 |   1521 |   3745 |   6 | 1095.0 |
       Dungeon |   6570 |   6427 |    143 |   1521 |   3745 |   6 | 1095.0 |
               +--------+--------+--------+--------+--------+-----+--------+

Top non-repeatable levels by time:
     D:5: 1485 daAuts
     D:3: 1472 daAuts
     D:2: 1431 daAuts
     D:1: 1200 daAuts
     D:4: 628 daAuts
     D:6: 352 daAuts
